 Dungeon Crawl Stone Soup version 0.26.0-20-g3ca415f5b8 (webtiles) character file.

Game seed: 15147586795804299870

90 kreisler the Sneak (level 4, -6/29 HPs)
             Began as an Octopode Brigand on Jan 25, 2021.
             Mangled by a gnoll
             ... wielding a +0 spear
              (9 damage)
             ... on level 3 of the Dungeon.
             The game lasted 00:10:14 (1563 turns).

kreisler the Sneak (Octopode Brigand)               Turns: 1563, Time: 00:10:14

Health: -6/29      AC:  1    Str: 10    XL:     4   Next: 56%
Magic:  4/4        EV: 13    Int: 19    God:
Gold:   94         SH:  0    Dex: 14    Spells: 3/3 levels left

rFire    . . .     SeeInvis .   a - +2 dagger
rCold    + . .     Faith    .   (no shield)
rNeg     . . .     Spirit   .   (helmet restricted)
rPois    .         Reflect  .   (no amulet)
rElec    .         Harm     .   e - +6 ring of intelligence
rCorr    .         Rampage  .   j - ring of protection from cold
Will     .....                  (no ring)
Stlth    +++++.....             (no ring)
HPRegen  0.09/turn              (no ring)
MPRegen  0.09/turn              (no ring)
                                (no ring)
                                (no ring)

@: lethally poisoned (-6 -> -27)
A: almost no armour, stealthy swim, amphibious, 8 rings, constrict 8, camouflage
1, gelatinous body 1
a: no special abilities


You were on level 3 of the Dungeon.
You visited 1 branch of the dungeon, and saw 3 of its levels.

You collected 94 gold pieces.

Inventory:

Hand Weapons
 a - a +2 dagger (weapon)
Missiles
 b - 8 poisoned darts (quivered)
 c - 2 curare-tipped darts
Jewellery
 e - a +6 ring of intelligence (left tentacle)
 j - a ring of protection from cold (right tentacle)
Scrolls
 f - a scroll of amnesia


   Skills:
 + Level 2.1 Fighting
 + Level 2.2 Short Blades
 + Level 2.5 Throwing
 + Level 1.1 Dodging
 + Level 7.3 Stealth


You had 3 spell levels left.
You didn't know any spells.
Your spell library contained the following spells:

 Spells                   Type           Power        Failure   Level
 Magic Dart               Conj           0%           21%         1
 Blink                    Tloc           N/A          30%         2
 Call Imp                 Summ           0%           30%         2
 Slow                     Hex            0%           30%         2
 Conjure Flame            Conj/Fire      0%           52%         3
 Mephitic Cloud           Conj/Pois/Air  0%           52%         3


Dungeon Overview and Level Annotations

Branches:
Dungeon (3/15)

Altars:
Qazlal


Innate Abilities, Weirdness & Mutations

You cannot wear most types of armour.
You are very stealthy in the water. (Stealth+)
You are amphibious.
You can wear up to eight rings at the same time.
You can use your tentacles to constrict eight enemies at once.
Your skin changes colour to match your surroundings (Stealth+).
Your rubbery body absorbs attacks. (AC +1, EV +1)


Message History

The gnoll shouts! x2; You hear a shout!
The gnoll shouts!
You barely miss the gnoll. You grab the gnoll. Your squeeze misses the gnoll.
You constrict the gnoll, but do no damage.
The gnoll closely misses you.
The gnoll hits you with a +2 spear of venom!
You are poisoned.
The gnoll barely misses you.
You hit the gnoll but do no damage.
You constrict the gnoll, but do no damage.
You feel sick. The gnoll misses you.
The gnoll hits you with a +2 spear of venom!
The gnoll closely misses you.
You release your grip on the gnoll.
You feel sick.
The gnoll hits you from afar with a +2 spear of venom.
* * * LOW HITPOINT WARNING * * *
You are more poisoned.
* * * LOW HITPOINT WARNING * * *
You feel sick.
The gnoll hits you from afar with a +0 spear!
You die...

$.# #(# # #.#
#. #.# ##.##.#
###...#.#######
#?...wg.g......
#..>†g.########
##.#.#.@.?.....
#...########
#####


You could see a worm and 3 gnolls.

Vanquished Creatures
  4 gnolls
  2 oozes
  A worm (D:2)
  2 dart slugs (D:1)
  A giant cockroach (D:1)
  6 hobgoblins
  3 jackals (D:1)
  2 bats
  2 frilled lizards
  6 goblins
  4 kobolds
  5 rats
38 creatures vanquished.

Notes
Turn   | Place    | Note
-------+----------+-------------------------------------------
     0 | D:1      | kreisler the Octopode Brigand began the quest for the Orb.
     0 | D:1      | Reached XP level 1. HP: 14/14 MP: 1/1
   134 | D:1      | Reached XP level 2. HP: 19/19 MP: 2/2
   175 | D:1      | Reached skill level 6 in Stealth
   290 | D:1      | Reached XP level 3. HP: 19/24 MP: 3/3
   959 | D:2      | Reached XP level 4. HP: 29/29 MP: 4/4
   964 | D:2      | Reached skill level 7 in Stealth
  1245 | D:2      | Found a stormy altar of Qazlal.
  1563 | D:3      | Mangled by a gnoll

Illustrated notes

Levels and vault maps discovered:
D:1:      nicolae_arrival_memento_mori, layout_rooms
D:2:      layout_loops_ring, grunt_qazlal_sundering
D:3:      layout_loops_ring, st_stairs_7, minmay_cupped, uniq_ijyb, uniq_sigmund

Skill      XL: |  1  2  3  4 |
---------------+-------------+-----
Stealth        | 6 7 |  7.3
Fighting       | |  2.1
Short Blades   | |  2.2
Throwing       | |  2.5
Dodging        | |  1.1

Action                   |  1- 3 |  4- 6 || total
-------------------------+-------+-------++-------
Melee: Dagger            |    55 |    10 ||    65
       Constrict         |    12 |     3 ||    15
       Tentacles         |    11 |     3 ||    14
Throw: Dart              |     5 |     1 ||     6
  Use: Scroll            |     5 |     4 ||     9
       Potion            |     1 |     1 ||     2
 Stab: Sleeping          |    12 |     2 ||    14
Armor: Skin              |     3 |       ||     3
Dodge: Dodged            |    18 |     6 ||    24
